 Dungeon Crawl Stone Soup version 0.23-a0-33-g1e3a2e4e2f (webtiles) character file.

19900 RedPan the Destroyer (level 13, -8/98 HPs)
             Began as a Human Fire Elementalist on Aug 3, 2018.
             Was an Elder of Vehumet.
             Mangled by a catoblepas (30 damage)
             ... on level 2 of the Lair of Beasts on Aug 5, 2018.
             The game lasted 00:50:45 (21775 turns).

RedPan the Destroyer (Human Fire Elementalist)     Turns: 21775, Time: 00:50:46

Health: -8/98      AC:  9    Str:  8    XL:     13   Next: 8%
Magic:  17/25      EV: 18    Int: 20    God:    Vehumet [****..]
Gold:   865        SH:  7    Dex: 15    Spells: 10/29 levels left

rFire    . . .     SeeInvis .   i - staff of conjuration
rCold    . . .     Gourm    .   n - +2 buckler
rNeg     + . .     Faith    .   w - +2 robe {MR+}
rPois    .         Spirit   .   (no helmet)
rElec    .         Reflect  .   D - +2 cloak
rCorr    .         Harm     .   O - +0 pair of gloves
MR       +....                  q - +0 pair of boots
Stlth    ++........             (no amulet)
HPRegen  0.26/turn              s - ring of positive energy
MPRegen  0.19/turn              y - ring of flight

@: no status effects
A: no striking features
a: Renounce Religion, Evoke Flight


You were on level 2 of the Lair of Beasts.
You worshipped Vehumet.
Vehumet was greatly pleased with you.
You were not hungry.

You visited 3 branches of the dungeon, and saw 14 of its levels.
You also visited: Sewer.

You collected 917 gold pieces.
You spent 52 gold pieces at shops.

Inventory:

Hand Weapons
 j - a +1 dagger of venom
 t - a +2 quarterstaff of chaos
Missiles
 k - 4 throwing nets (quivered)
Armour
 n - a +2 buckler (worn)
 q - a +0 pair of boots (worn)
 w - a +2 robe of magic resistance (worn)
 B - the +0 robe "Simiarph" {Str+4 Slay+2}
   (You found it on level 5 of the Dungeon)

   It affects your strength (+4).
   It affects your accuracy and damage with ranged weapons and melee attacks
   (+2).
 D - a +2 cloak (worn)
 G - a +2 robe of cold resistance
 O - a +0 pair of gloves (worn)
Magical Staves
 i - an uncursed staff of conjuration (weapon)
 z - an uncursed staff of fire
Jewellery
 s - a ring of positive energy (left hand)
 y - a ring of flight (right hand)
Wands
 a - a wand of acid (19)
 r - a wand of disintegration (29)
 u - a wand of flame (56)
 F - a wand of iceblast (4)
 K - a wand of clouds (5)
Scrolls
 f - 5 scrolls of remove curse
 l - 2 scrolls of magic mapping
 o - 2 scrolls of fear
 A - 6 scrolls of teleportation
 C - a scroll of amnesia
 E - a scroll of enchant armour
 J - 2 scrolls of fog
 L - a scroll of blinking
 N - a scroll of enchant weapon
Potions
 b - 3 potions of brilliance
 d - 2 potions of agility
 e - 3 potions of mutation
 g - a potion of haste
 h - 3 potions of ambrosia
 p - 12 potions of curing
 v - 2 potions of heal wounds
 x - 6 potions of flight
 H - 2 potions of might
 M - a potion of resistance {unknown}
 P - a potion of magic
Comestibles
 c - 21 rations


   Skills:
 + Level 8.0 Fighting
 - Level 4.1 Staves
 + Level 8.4 Dodging
 - Level 2.0 Stealth
 - Level 5.3 Shields
 + Level 8.5 Spellcasting
 - Level 9.0 Conjurations
 - Level 8.2 Fire Magic
 + Level 4.3 Ice Magic
 + Level 4.2 Air Magic


You had 10 spell levels left.
You knew the following spells:

 Your Spells              Type           Power        Failure   Level  Hunger
a - Flame Tongue          Conj/Fire      #####        1%          1    None
b - Conjure Flame         Conj/Fire      ######..     1%          3    None
c - Sticky Flame          Conj/Fire      ######..     1%          4    ###....
d - Fireball              Conj/Fire      ######....   1%          5    #####..
e - Freezing Cloud        Conj/Ice/Air   #####.....   28%         6    ######.

Your spell library contained the following spells:

 Spells                   Type           Power        Failure   Level  Hunger
 Apportation              Tloc           #.....       9%          1    None
 Throw Flame              Conj/Fire      ######       1%          2    None
 Mephitic Cloud           Conj/Pois/Air  #####...     1%          3    None
 Ring of Flames           Chrm/Fire      ####......   100%        7    #######
 Summon Small Mammal      Summ           #...         9%          1    None
 Animate Skeleton         Necr           N/A          9%          1    None
 Spider Form              Tmut/Pois      #.........   24%         3    None
 Blade Hands              Tmut           #.........   92%         5    #####..
 Ice Form                 Ice/Tmut       ###.....     32%         4    ###....
 Confusing Touch          Hex            #.....       9%          1    None
 Sticks to Snakes         Tmut           #.......     12%         2    None
 Inner Flame              Hex/Fire       ####....     1%          3    None
 Beastly Appendage        Tmut           #.....       9%          1    None
 Poisonous Vapours        Pois/Air       ###...       4%          2    None


Dungeon Overview and Level Annotations

Branches:
Dungeon (11/15)            Temple (1/1) D:7            Lair (2/6) D:10
    Orc (0/2) D:9
  Swamp: Lair:2-4    Shoals: Lair:2-4     Snake: Lair:2-4    Spider: Lair:2-4

Altars:
Ashenzari
Cheibriados
Dithmenos
Elyvilon
Gozag
Hepliaklqana
Makhleb
Qazlal
Sif Muna
Vehumet
Wu Jian
Yredelemnul
Zin
The Shining One

Shops:
D:9 ?   D:10 (

Annotations:
D:9 3 runed doors, Artagas's ghost, novice MiBe
Lair:1 exclusion: downstairs


Message History

You feel a surge of power!
The flame tongue hits the catoblepas.
The catoblepas appears unharmed.
The catoblepas is lightly wounded.
The catoblepas burns!
The catoblepas gores you!!
* * * LOW HITPOINT WARNING * * *
Unknown command.
Casting: Flame Tongue (safe; 1% risk of failure)
Confirm with . or Enter, or press ? or * to list all spells.
Aiming: Flame Tongue (safe; 1% risk of failure)
Press: ? - help, Shift-Dir - straight line, f/p - catoblepas
Aim: a catoblepas (moderately wounded, covered in liquid flames)
You feel a surge of power!
The flame tongue hits the catoblepas.
The catoblepas appears unharmed.
The catoblepas is moderately wounded.
The catoblepas burns!
The catoblepas breathes a plume of calcifying dust at you.
The blast of calcifying dust hits you!
* * * LOW HITPOINT WARNING * * *
The catoblepas burns!
The catoblepas gores you!!
You die...

.. ###. ... . ..t####..Y# #
......##.# .P #. .........#
### #.#
##..#.....#..t##.######.?....
#.....8.8.##...#ยง8.#........
#..........#...Y@...#[##..#
#...<......+..<.8#....#
#.......#..#.....#....##
#..8.8.## #..8.#......#
........t. ##.###.....##
#........... ###......##
##.#....#..## #........#
#..#......# #.(......#
##.......#. ###........#


You could see a catoblepas (burning) and a crocodile.

Vanquished Creatures
  Josephine (D:10)
  Harold (D:8)
  3 hydras
  Joseph (D:8)
  2 black mambas
  4 spiny frogs (Lair:1)
  2 gargoyles
  3 komodo dragons (Lair:1)
  A komodo dragon (shapeshifter) (D:8)
  Grinder (D:3)
  4 trolls
  2 hornets (Lair:1)
  A slime creature (D:8)
  9 blink frogs
  6 hippogriffs
  4 wraiths
  A wyvern (Lair:2)
  A basilisk (Lair:1)
  A hungry ghost (D:10)
  A porcupine (Lair:2)
  2 water moccasins
  3 black bears
  3 orc warriors (D:9)
  An eye of draining (D:10)
  An ice beast (D:9)
  4 sky beasts
  A phantom (D:11)
  6 ogres
  4 centaurs
  8 crocodiles
  4 big kobolds
  Blork the orc (D:5)
  10 bullfrogs
  6 scorpions
  A water moccasin skeleton (D:8)
  10 wights
  4 electric eels (Lair:1)
  5 howler monkeys
  5 jellies
  3 quasits
  A bullfrog zombie (D:5)
  3 centaur skeletons
  8 hounds
  13 orc wizards
  A bullfrog skeleton (D:5)
  4 orc priests
  Crazy Yiuf (D:3)
  Jessica (D:3)
  3 iguanas
  Natasha (twice) (D:4)
  9 worker ants
  4 big kobold zombies (Sewer)
  A hound zombie (D:6)
  4 worker ant zombies
  25 adders
  A howler monkey skeleton (D:4)
  A river rat (D:4)
  6 shadow imps
  4 ufetubi (Sewer)
  4 oozes
  An adder zombie (D:9)
  An adder skeleton (D:7)
  2 worms (D:3)
  3 dart slugs
  9 leopard geckos
  29 orcs
  3 giant cockroaches
  14 hobgoblins
  13 jackals
  7 quokkas
  4 bats
  4 frilled lizards
  5 goblins
  26 kobolds
  A kobold zombie (Sewer)
  A leopard gecko skeleton (D:4)
  A quokka skeleton (D:4)
  14 rats
  A fungus (Lair:1)
366 creatures vanquished.

Vanquished Creatures (others)
  A kobold zombie (Sewer)
  15 fungi
  31 plants
47 creatures vanquished.

Grand Total: 413 creatures vanquished

Notes
Turn   | Place    | Note
-------+----------+-------------------------------------------
     0 | D:1      | RedPan the Human Fire Elementalist began the quest for the Orb.
     0 | D:1      | Reached XP level 1. HP: 13/13 MP: 3/3
   177 | D:1      | Reached XP level 2. HP: 14/19 MP: 1/5
   710 | D:1      | Reached XP level 3. HP: 18/24 MP: 0/6
   977 | D:1      | Reached skill level 2 in Conjurations
  1326 | D:1      | Upgraded the game from 0.23-a0-26-g9187234747 to 0.23-a0-33-g1e3a2e4e2f
  1343 | D:2      | Found a faded altar of an unknown god.
  1989 | D:2      | Learned a level 3 spell: Conjure Flame
  2195 | D:2      | Reached XP level 4. HP: 22/30 MP: 0/7
  2413 | D:2      | Found a shadowy altar of Dithmenos.
  2883 | D:3      | Learned a level 4 spell: Sticky Flame
  3074 | D:3      | Reached XP level 5. HP: 4/35 MP: 1/8
  3561 | D:3      | Noticed Jessica
  3570 | D:3      | Killed Jessica
  3570 | D:3      | Reached skill level 3 in Conjurations
  4392 | D:3      | Reached XP level 6. HP: 32/41 MP: 3/10
  4524 | D:3      | Found a runed door.
  4593 | D:3      | Noticed Grinder
  4613 | D:3      | HP: 1/41 [Grinder (2)]
  4616 | D:3      | Killed Grinder
  4616 | D:3      | Reached skill level 4 in Conjurations
  4616 | D:3      | Reached skill level 5 in Fire Magic
  4616 | D:3      | Reached XP level 7. HP: 2/46 MP: 10/12
  4895 | D:3      | Found a burning altar of Makhleb.
  5260 | D:3      | Noticed Crazy Yiuf
  5271 | D:3      | Killed Crazy Yiuf
  5566 | D:4      | Found a radiant altar of Vehumet.
  5577 | D:4      | Became a worshipper of Vehumet
  5581 | D:4      | Reached skill level 5 in Conjurations
  5706 | D:4      | Noticed Natasha
  5714 | D:4      | Killed Natasha
  5906 | D:4      | Found a glowing drain.
  5991 | Sewer    | Entered a sewer
  6067 | Sewer    | Learned a level 5 spell: Fireball
  6129 | Sewer    | Reached XP level 8. HP: 52/52 MP: 8/13
  6338 | Sewer    | Reached * piety under Vehumet
  6338 | Sewer    | Offered knowledge of Shock by Vehumet.
  6560 | Sewer    | Found a burning altar of Makhleb.
  6734 | Sewer    | Reached skill level 1 in Fighting
  7376 | D:4      | Noticed Natasha
  7382 | D:4      | Killed Natasha
  7650 | D:5      | Entered Level 5 of the Dungeon
  7654 | D:5      | Noticed Blork the orc
  7665 | D:5      | Killed Blork the orc
  8128 | D:5      | Offered knowledge of Magic Dart by Vehumet.
  8251 | D:5      | Reached skill level 6 in Conjurations
  8251 | D:5      | Reached XP level 9. HP: 61/61 MP: 11/15
  8527 | D:5      | Got a steaming robe
  8538 | D:5      | Identified the cursed +0 robe "Simiarph" {Str+4 Slay+2} (You found it on level 5 of the Dungeon)
  8636 | D:6      | Reached ** piety under Vehumet
  8703 | D:6      | Found a shattered altar of Ashenzari.
  8835 | D:6      | Reached skill level 1 in Shields
  9054 | D:6      | Found a shadowy altar of Dithmenos.
  9056 | D:6      | Found a glowing golden altar of the Shining One.
  9056 | D:6      | Found a deep blue altar of Sif Muna.
  9070 | D:6      | Reached skill level 5 in Spellcasting
  9973 | D:7      | Offered knowledge of Searing Ray by Vehumet.
 10214 | D:7      | Found a staircase to the Ecumenical Temple.
 10248 | Temple   | Entered the Ecumenical Temple
 10257 | D:7      | Found a hazy altar of Hepliaklqana.
 10644 | D:7      | Noticed a hippogriff
 10746 | D:7      | Killed a hippogriff
 10746 | D:7      | Reached XP level 10. HP: 71/71 MP: 8/18
 11378 | D:8      | Noticed Joseph
 11392 | D:8      | Reached skill level 7 in Conjurations
 11414 | D:8      | HP: 3/71 [Joseph/uncursed quarterstaff of protection (11)]
 11419 | D:8      | Killed Joseph
 11419 | D:8      | Reached *** piety under Vehumet
 11676 | D:7      | Reached skill level 5 in Dodging
 12162 | D:8      | Noticed Harold
 12184 | D:8      | Killed Harold
 12184 | D:8      | Reached skill level 5 in Shields
 12497 | D:8      | Found a hazy altar of Hepliaklqana.
 12597 | D:8      | Found a snail-covered altar of Cheibriados.
 12794 | D:8      | Noticed a komodo dragon
 12794 | D:8      | Noticed a gargoyle
 12807 | D:8      | Killed a gargoyle
 13021 | D:8      | Killed a komodo dragon
 13021 | D:8      | Reached skill level 5 in Fighting
 13023 | D:8      | Reached XP level 11. HP: 50/79 MP: 8/20
 13029 | D:8      | Offered knowledge of Olgreb's Toxic Radiance by Vehumet.
 13291 | D:8      | Got a scorched great sword
 13298 | D:8      | Identified the cursed +0 great sword of Vengeance {venom, rN+ Dex+3} (You found it on level 8 of the Dungeon)
 13614 | D:9      | Got an ichor-stained robe
 13629 | D:9      | Identified the +2 robe of the Wilderness {*Drain rF- Int+2 Dex+9} (You found it on level 9 of the Dungeon)
 14024 | D:9      | Reached skill level 1 in Staves
 14201 | D:9      | Found a staircase to the Orcish Mines.
 14250 | D:9      | Found Fuinge's Magic Scroll Boutique.
 14611 | D:9      | Reached skill level 8 in Conjurations
 14927 | D:9      | Reached **** piety under Vehumet
 15036 | D:9      | Offered knowledge of Bolt of Magma by Vehumet.
 15088 | D:9      | Bought a scroll of fog for 26 gold pieces
 15088 | D:9      | Bought a scroll of identify for 26 gold pieces
 15242 | D:9      | Found a runed gate.
 15242 | D:9      | Found a runed gate.
 15242 | D:9      | Found a runed gate.
 15247 | D:9      | Noticed Artagas's ghost (novice MiBe)
 15477 | D:10     | Entered Level 10 of the Dungeon
 16251 | D:10     | Found a staircase to the Lair.
 16252 | D:10     | Found Ruheig's Weapon Boutique.
 16263 | Lair:1   | Entered Level 1 of the Lair of Beasts
 16309 | D:10     | Noticed Josephine
 16348 | D:10     | Killed Josephine
 17413 | D:11     | Learned a level 6 spell: Freezing Cloud
 17714 | D:11     | Reached XP level 12. HP: 82/89 MP: 11/23
 17950 | D:11     | Got a pair of scorched gloves
 17956 | D:11     | Identified the cursed -3 pair of gloves of Valour {rN+ MR+ Int+4 Dex-5} (You found it on level 11 of the Dungeon)
 18078 | D:11     | Reached skill level 1 in Ice Magic
 18179 | D:11     | Noticed a four-headed hydra
 18186 | D:11     | Killed a four-headed hydra
 18186 | D:11     | Reached skill level 1 in Air Magic
 18834 | Lair:1   | Reached skill level 9 in Conjurations
 18913 | Lair:1   | Noticed an eight-headed hydra
 18919 | Lair:1   | Killed an eight-headed hydra
 19085 | Lair:1   | Paralysed by a hornet for 2 turns
 19823 | Lair:1   | Noticed a six-headed hydra
 20443 | Lair:1   | Killed a six-headed hydra
 21165 | Lair:2   | Noticed a catoblepas
 21359 | Lair:2   | Reached XP level 13. HP: 47/98 MP: 7/25
 21775 | Lair:2   | Mangled by a catoblepas

Vault maps used:
D:1:      mrwooster_arrival_statue_3, minmay_tiny_reverse_x
D:2:      chequers_ecumenical_altar_simple, first_ration, grunt_dithmenos_smoke
D:3:      makhleb_blood_cavern_becter, uniq_jessica, uniq_grinder,
          uniq_crazy_yiuf_cottage
D:4:      lemuel_crystal_altar, portal_sewer_entry_a, uniq_natasha
D:5:      minmay_misc_feat_four_crosses, uniq_blork_the_orc
D:6:      grunt_temple_overflow_open, old_standard_altar
D:7:      minmay_temple_entry_overgrown, basic_altar
D:8:      minmay_blocky_corners, kennysheep_mini_moat, lemuel_crystal_altar,
          uniq_harold, uniq_joseph
D:9:      kennysheep_six_static_rooms, orc_david_3, serial_shops,
          nicolae_shop_statue_plus, gammafunk_ghost_split
D:10:     lair_entry_dummy, serial_shops, nicolae_shop_crystal, grunt_ogre_cave,
          uniq_josephine
Temple:   eino_temple_lava
Lair:1:   minmay_lair_venomous_thicket, disabler_island, serial_bayou_shore_a
Lair:2:   swamp_mist_pool, grunt_megastairs_2, infiniplex_staircase_pool
Sewer:    kennysheep_sewer_church

Skill      XL: |  1  2  3  4  5  6  7  8  9 10 11 12 13 |
---------------+----------------------------------------+-----
Conjurations   | 2 3 4 5 6 7 8 9 |  9.0
Fire Magic     | 4 5 6 7 8 |  8.2
Spellcasting   | 3 4 5 6 7 8 |  8.5
Fighting       | 2 3 5 6 7 8 |  8.0
Dodging        | 3 4 5 7 8 |  8.4
Shields        | 3 5 |  5.3
Staves         | 3 4 |  4.1
Ice Magic      | 4 |  4.3
Air Magic      | 4 |  4.2
Stealth        | |  2.0

Action                   |  1- 3 |  4- 6 |  7- 9 | 10-12 | 13-15 || total
-------------------------+-------+-------+-------+-------+-------++-------
Melee: Unarmed           |    16 |       |       |       |       ||    16
       Dagger            |    30 |    35 |       |       |       ||    65
       Club              |     8 |       |       |       |       ||     8
       Quarterstaff      |       |       |     3 |       |       ||     3
       Staff             |       |       |    21 |    20 |       ||    41
 Cast: Flame Tongue      |    52 |   104 |   343 |   679 |    33 ||  1211
       Conjure Flame     |       |     2 |     7 |     6 |       ||    15
       Sticky Flame      |       |       |       |    47 |     3 ||    50
       Fireball          |       |       |       |     3 |       ||     3
  Use: Scroll            |     6 |     4 |    10 |    10 |       ||    30
       Potion            |       |     3 |       |     4 |       ||     7
 Stab: Sleeping          |     2 |       |       |       |       ||     2
  Eat: Chunk             |     5 |     7 |    13 |    18 |     2 ||    45
       Ration            |       |       |     2 |     6 |       ||     8
Armor: Robe              |    12 |    19 |    54 |   104 |     2 ||   191
Dodge: Dodged            |    47 |    41 |   121 |   276 |    12 ||   497
Block: Buckler           |       |       |    14 |   139 |     5 ||   158

Table legend:
 A = Spawn XP
 B = Non-spawn XP
 C = Spawn XP percentage of total XP
 D = Spawn monster count
 E = Non-spawn monster count
 F = Spawn count percentage of total count
 G = Total turns spent on level
                    A         B        C        D         E        F      G
               +---------+---------+-------+---------+---------+-------+---------
         Total |       0 |   28429 |   0.0 |       0 |     365 |   0.0 | 21775
               +---------+---------+-------+---------+---------+-------+---------
           D:1 |       0 |      41 |   0.0 |       0 |      21 |   0.0 |  1343
           D:2 |       0 |      52 |   0.0 |       0 |      17 |   0.0 |  1507
           D:3 |       0 |     629 |   0.0 |       0 |      40 |   0.0 |  2731
           D:4 |       0 |     400 |   0.0 |       0 |      24 |   0.0 |   840
           D:5 |       0 |     437 |   0.0 |       0 |      12 |   0.0 |   944
           D:6 |       0 |     890 |   0.0 |       0 |      19 |   0.0 |  1130
           D:7 |       0 |    1535 |   0.0 |       0 |      39 |   0.0 |  1647
           D:8 |       0 |    3896 |   0.0 |       0 |      31 |   0.0 |  2427
           D:9 |       0 |    2872 |   0.0 |       0 |      29 |   0.0 |  2073
          D:10 |       0 |    3707 |   0.0 |       0 |      28 |   0.0 |  1763
          D:11 |       0 |    2531 |   0.0 |       0 |      19 |   0.0 |  1190
        Lair:1 |       0 |    8087 |   0.0 |       0 |      38 |   0.0 |  2366
        Lair:2 |       0 |    2868 |   0.0 |       0 |      14 |   0.0 |   583
         Sewer |       0 |     484 |   0.0 |       0 |      34 |   0.0 |  1229
               +---------+---------+-------+---------+---------+-------+---------
